 Dungeon Crawl Stone Soup version 0.30-a0-6-g7c9e10e132 (webtiles) character file.

Game seed: 14323576670279675339

4 Zeldest the Caller (level 1, 0/14 HPs)
             Began as a Barachi Summoner on Aug 23, 2022.
             Slain by a goblin
             ... wielding a +0 club
              (2 damage)
             ... on level 1 of the Dungeon.
             The game lasted 00:00:50 (86 turns).

Zeldest the Caller (Barachi Summoner)                 Turns: 86, Time: 00:00:51

Health: 0/14       AC:  2    Str:  9    XL:     1   Next: 70%
Magic:  0/3        EV: 12    Int: 15    God:
Gold:   0          SH:  0    Dex: 12    Spells: 3/4 levels left

rFire   . . .      SeeInvis .    (no weapon)
rCold   . . .      Faith    .    (no shield)
rNeg    . . .      Spirit   .    a - +0 robe
rPois   .          Reflect  .    (no helmet)
rElec   .          Harm     .    (no cloak)
rCorr   .          Rampage  .    (no gloves)
Will    .....                    (no boots)
Stlth   ++........               (no amulet)
HPRegen 0.04/turn                (no ring)
MPRegen 0.08/turn                (no ring)

@: unable to hop, slow
A: amphibious, slowness 1, strong legs 1, +LOS
a: Hop


You were on level 1 of the Dungeon.
You visited 1 branch of the dungeon, and saw 1 of its levels.

Inventory:

Armour
 a - a +0 robe (worn)


   Skills:
 + Level 0.6 Fighting
 - Level 2.1 Dodging
 - Level 1.7 Stealth
 + Level 2.3 Spellcasting
 + Level 4.9 Summonings


You had 3 spell levels left.
You knew the following spells:

 Your Spells              Type           Power      Damage    Failure   Level
a - Summon Small Mammal   Summ           64%        N/A       2%          1

Your spell library contained the following spells:

 Spells                   Type           Power      Damage    Failure   Level
 Call Imp                 Summ           16%        N/A       4%          2
 Call Canine Familiar     Summ           16%        N/A       9%          3
 Summon Guardian Golem    Hex/Summ       9%         N/A       24%         3
 Summon Lightning Spire   Summ/Air       9%         N/A       61%         4


Dungeon Overview and Level Annotations

Branches:
Dungeon (1/15)

Altars:


Innate Abilities, Weirdness & Mutations

You are amphibious.
You cover ground slowly.
You can hop short distances.
You have an extended range of vision and can be seen from far away.


Message History

Your quokka dies!
Your quokka's corpse disappears in a puff of smoke!
Your rat bites the goblin.
The goblin hits your rat with a +0 club.
Your rat dies!
Your rat's corpse disappears in a puff of smoke!
The goblin shouts! x2
Hop to where?
Press: ? - help, Dir - move target Boing!
Your magical contamination has completely faded away.
The goblin attacks as you move away! The goblin closely misses you.
The goblin hits you with a +0 club.
* * * LOW HITPOINT WARNING * * *
The endoplasm hits you but does no damage.
You aren't carrying any potions.
Casting: Summon Small Mammal (safe; 3% risk of failure)
Confirm with . or Enter, or press ? or * to list all spells.
The endoplasm misses you. The endoplasm attacks as you move away!
The endoplasm barely misses you.
You see here a ball python corpse.
You swap places.
Your quokka barely misses the endoplasm.
The endoplasm closely misses your quokka.
Your quokka bites the endoplasm.
The endoplasm barely misses your quokka.
Your quokka bites the endoplasm.
The endoplasm dies!
There is an open door here.
You barely miss the goblin.
The goblin is heavily wounded.
The goblin hits you but does no damage.
Your quokka bites the goblin.
The goblin dies!
You hit the goblin but do no damage.
The goblin is heavily wounded.
Your quokka barely misses the goblin.
The goblin misses you.
Casting: Summon Small Mammal (safe; 2% risk of failure)
Confirm with . or Enter, or press ? or * to list all spells.
Your quokka barely misses the goblin.
The goblin hits you with a +0 club.
You die...

#.........#
#.........#
##....###.....
#..g### .##....
#.#.# .# ...
######)#.#### .#
..
##....r......##.#
.
#.....g.......#.#
#.####@####......#
#≈≈≈~≈≈≈#.....#
#~#~r~#≈#......
#~###~#~#.....#
#~~~~~~# ...#
#~####### ..#


You could see a goblin (ally target), a friendly quokka (summoned) and a
friendly rat (summoned).

Vanquished Creatures (collateral kills)
  A ball python (D:1)
  An endoplasm (D:1)
  A goblin (D:1)
  A bat (D:1)
4 creatures vanquished.

Notes
Turn   | Place    | Note
-------+----------+-------------------------------------------
     0 | D:1      | Zeldest the Barachi Summoner began the quest for the Orb.
     0 | D:1      | Reached XP level 1. HP: 13/13 MP: 3/3
    86 | D:1      | Slain by a goblin

Illustrated notes

Levels and vault maps discovered:
D:1:      ncdulo_wetmaze, layout_rooms, ebering_ecumenical_altar_hall

Action                   || total
-------------------------++-------
Melee: Unarmed           ||     9
 Cast: Summon Small Mamm ||     9
 Abil: Hop               ||     1
  Use: Potion            ||     1
Armor: Robe              ||     9
Dodge: Dodged            ||    15

Table legend: (Time is in decaauts)
 A = Elapsed time spent in this place.
 B = Non-inter-level travel time spent in this place.
 C = Inter-level travel time spent in this place.
 D = Time resting spent in this place.
 E = Time spent auto-exploring this place.
 F = Levels seen in this place.
 G = Mean time per level.
                   A        B        C        D        E       F      G
               +--------+--------+--------+--------+--------+-----+--------+
         Total |     93 |     93 |      0 |     26 |      0 |   1 |   93.0 |
       Dungeon |     93 |     93 |      0 |     26 |      0 |   1 |   93.0 |
               +--------+--------+--------+--------+--------+-----+--------+

Top non-repeatable levels by time:
     D:1: 93 daAuts
